 Dungeon Crawl Stone Soup version 0.14-a0-1403-g5d3c58f (webtiles) character file.

1176 PolkaDot the Ducker (level 7, -7/57 HPs)
             Began as a Vampire Death Knight on Dec 10, 2013.
             Was a Believer of Yredelemnul.
             Shot with a sling bullet by Joseph (17 damage)
             ... on Level 7 of the Dungeon.
             The game lasted 00:30:50 (7439 turns).

PolkaDot the Ducker (Vampire Death Knight)          Turns: 7439, Time: 00:30:51

HP  -7/57        AC  5     Str 12      XL: 7   Next: 89%
MP  20/20        EV 14     Int 13      God: Yredelemnul [**....]
Gold 229         SH  0     Dex 15      Spells:  0 memorised,  6 levels left

rFire  . . .     SeeInvis +     a - +1 short sword
rCold  + + .     Clarity  .     b - +0 leather armour
rNeg   + + +     Conserve .     (no shield)
rPois  +         rCorr    .     (no helmet)
rElec  .         rRot     +     n - +1 cloak {darkness}
SustAb . .       Spirit   .     (no gloves)
rMut   .         Warding  .     (no boots)
Saprov . . .     Stasis   .     (no amulet)
                                j - cursed ring of hunger
                                k - ring of magical power

@: non-regenerating, very slightly contaminated, slightly resistant to hostile
enchantments, unstealthy
A: bottle blood, fangs 3, see invisible, unbreathing
a: Bat Form, Bottle Blood, Animate Remains, Recall Undead Slaves, Injury Mirror,
Renounce Religion, Evoke Invisibility


You were on level 7 of the Dungeon.
You worshipped Yredelemnul.
Yredelemnul was pleased with you.
You were bloodless.

You visited 1 branch of the dungeon, and saw 7 of its levels.

You collected 306 gold pieces.
You spent 77 gold pieces at shops.

Inventory:

Hand weapons
 a - a +1,+1 short sword (weapon)
 s - a +0,+1 cutlass
 u - a +0,+1 orcish club
Armour
 b - a +0 leather armour (worn)
 n - a +1 cloak of darkness (worn)
Magical devices
 q - a wand of fireball (1)
Scrolls
 c - 4 scrolls of remove curse
 e - a scroll of magic mapping
 g - a scroll of fog {unknown}
 l - a scroll of curse jewellery {unknown}
 o - a scroll of curse armour {unknown}
 p - a scroll of amnesia {unknown}
 r - a scroll of fear {unknown}
 t - 2 scrolls of immolation
Jewellery
 f - a +2 ring of intelligence
 h - an uncursed amulet of stasis
 i - an uncursed amulet of resist mutation
 j - a cursed ring of hunger (right hand)
 k - a ring of magical power (left hand)
Potions
 d - a potion of lignification
 m - a potion of flight


   Skills:
 - Level 5.7 Fighting
 * Level 2.2 Short Blades
 - Level 0.7 Armour
 + Level 5.9 Dodging
 + Level 3.3 Invocations
 - Level 2.8 Evocations


You had 6 spell levels left.
You didn't know any spells.

Dungeon Overview and Level Annotations

Branches:
Dungeon (7/16)
 Temple: D:4-7

Altars:
Sif Muna

Shops:
D:4 ?   D:5 [

Annotations:
D:4 thfral's ghost, average OgWr
D:7 Joseph


Innate Abilities, Weirdness & Mutations

You do not heal naturally.
You can bottle blood from corpses.
You have razor-sharp teeth.*
You have supernaturally acute eyesight.
You can survive without breathing.*


Message History

A kobold comes into view. It is wielding a whip.
You flicker for a moment.
You flicker back into view.
The goblin barely misses you.
The gnoll sergeant shouts!
The gnoll shouts!
The gnoll shouts!
The gnoll throws a dart.
The dart hits you! The gnoll sergeant misses you.
You see here a dart.
Found a stone staircase leading down.
Found 15 gold pieces.
Joseph shouts!
Joseph shoots a sling bullet.
The sling bullet hits you!
* * * LOW HITPOINT WARNING * * *
You see here a sling bullet.
A quokka comes into view.
Joseph shouts, "I love to fight!
I love killing!"
Joseph shoots a sling bullet.
The sling bullet hits you!
You die...
Yredelemnul claims you as an undead slave.

..# .....# ......#
.......# r.......#
........# ........#
#........################
#.....>.@g..g.gg.........
#.........g.C.g..........
........................
........................
........................
.......................
...$..................
.@...................
##################


You could see Joseph, a hill giant, a gnoll sergeant, 4 gnolls, a quokka
(sleeping) and a goblin.

Vanquished Creatures
  Prince Ribbit (D:3)
  A sky beast (D:5)
  An ogre (D:2)
  A giant frog (D:6)
  A crimson imp (D:5)
  A quasit (D:5)
  A hound (D:6)
  2 worker ants
  A mummy (D:6)
  9 adders
  5 gnolls
  2 worms
  3 scorpion zombies
  3 giant geckos
  An ooze (D:1)
  2 orcs
  A ball python (D:3)
  11 bats
  3 giant cockroaches
  9 goblins
  9 hobgoblins
  3 jackals
  A quokka (D:5)
  3 giant newts
  A giant spore (D:7)
  8 kobolds
  An orc skeleton (D:5)
  8 rats
  2 fungi (D:2)
95 creatures vanquished.

Vanquished Creatures (collateral kills)
  A centaur (D:6)
  Crazy Yiuf (D:2)
  3 hounds (D:5)
  A worker ant (D:5)
  A gnoll (D:6)
  2 adders (D:5)
  A worm (D:3)
  An orc (D:5)
  2 bats
  2 hobgoblins (D:2)
  A jackal (D:3)
  2 giant geckos
  A giant newt (D:2)
  3 goblins
  A goblin skeleton (D:5)
  A rat (D:2)
  3 fungi (D:2)
27 creatures vanquished.

Vanquished Creatures (others)
  A centaur skeleton (D:7)
  A worker ant zombie (D:6)
  A worm zombie (D:3)
  An adder skeleton (D:6)
  An adder zombie (D:5)
  A gnoll zombie (D:2)
  A ball python zombie (D:3)
  2 giant cockroach zombies
  2 giant gecko zombies (D:2)
  A giant newt zombie (D:2)
  A gnoll skeleton (D:6)
  6 goblin zombies
  A hobgoblin zombie (D:3)
  3 jackal zombies
  3 kobold zombies (D:2)
  An orc zombie (D:3)
  A rat zombie (D:2)
28 creatures vanquished.

Grand Total: 150 creatures vanquished

Notes
Turn   | Place    | Note
--------------------------------------------------------------
     0 | D:1      | PolkaDot, the Vampire Death Knight, began the quest for the Orb.
     0 | D:1      | Reached XP level 1. HP: 16/16 MP: 1/1
   297 | D:1      | Reached XP level 2. HP: 8/22 MP: 2/2
  1003 | D:2      | Reached XP level 3. HP: 20/28 MP: 2/4
  1163 | D:2      | Acquired Yredelemnul's second power
  1637 | D:2      | Found a deep blue altar of Sif Muna.
  1798 | D:2      | Noticed Crazy Yiuf
  1814 | D:2      | Killed Crazy Yiuf
  1814 | D:2      | Reached skill level 3 in Fighting
  1814 | D:2      | Reached XP level 4. HP: 30/35 MP: 5/5
  2230 | D:3      | Noticed an ogre
  2309 | D:2      | Your ally Crazy Yiuf died
  2320 | D:2      | Killed an ogre
  2320 | D:2      | Reached skill level 1 in Evocations
  2320 | D:2      | Reached XP level 5. HP: 5/41 MP: 6/6
  3040 | D:4      | Noticed Prince Ribbit
  3133 | D:3      | Killed Prince Ribbit
  3133 | D:3      | Reached skill level 4 in Fighting
  3133 | D:3      | Reached XP level 6. HP: 14/49 MP: 8/8
  3182 | D:4      | Noticed thfral's ghost (average OgWr)
  3800 | D:4      | Found Stiaschu's Magic Scroll Shoppe.
  3809 | D:4      | Bought a scroll of immolation for 49 gold pieces
  3809 | D:4      | Bought a scroll of identify for 28 gold pieces
  3828 | D:5      | Entered Level 5 of the Dungeon
  3867 | D:5      | Reached skill level 5 in Fighting
  3957 | D:5      | Reached XP level 7. HP: 25/56 MP: 10/10
  4063 | D:5      | Found Platt's Armour Emporium.
  4786 | D:5      | Reached skill level 5 in Dodging
  6225 | D:7      | Noticed Joseph
  6231 | D:7      | Noticed a hill giant
  7439 | D:7      | Shot with a sling bullet by Joseph

Action                   |  1- 3 |  4- 6 |  7- 9 || total
-------------------------+-------+-------+-------++-------
Melee: Short sword       |   178 |   165 |   252 ||   595
Invok: Animate Remains   |    17 |    19 |    13 ||    49
       Recall Undead Sla |     1 |     3 |     2 ||     6
 Abil: Evoke Invisibilit |       |     4 |     4 ||     8
Evoke: Wand              |       |     1 |       ||     1
  Use: Potion            |     1 |     6 |     1 ||     8
       Scroll            |       |     7 |     5 ||    12
 Stab: Distracted        |     1 |       |     2 ||     3
       Invisible         |       |     5 |     3 ||     8
       Sleeping          |       |     1 |       ||     1
